 Dungeon Crawl Stone Soup version 0.26.1-13-g052cdd8df3 (webtiles) character file.

Game seed: 888102103364081529

1526 BeavisTheGrey the Grappler (level 8, -5/75 HPs)
             Began as a Troll Monk on Feb 6, 2022.
             Was a Believer of Yredelemnul.
             Killed by divine providence
             ... invoked by an orc priest
              (12 damage)
             ... on level 6 of the Dungeon.
             The game lasted 00:31:57 (6212 turns).

BeavisTheGrey the Grappler (Troll Monk)             Turns: 6212, Time: 00:31:57

Health: -5/75      AC:  6    Str: 21    XL:     8   Next: 54%
Magic:  7/7        EV: 12    Int:  6    God:    Yredelemnul [**....]
Gold:   309        SH:  0    Dex: 13    Spells: 7/7 levels left

rFire    . . .     SeeInvis .     - Unarmed
rCold    . . .     Faith    .   (no shield)
rNeg     . . .     Spirit   .   a - +0 robe
rPois    .         Reflect  .   (helmet restricted)
rElec    .         Harm     .   (no cloak)
rCorr    .         Rampage  .   (gloves unavailable)
Will     .....                  (boots unavailable)
Stlth    ++........             (no amulet)
HPRegen  0.62/turn              (no ring)
MPRegen  0.10/turn              (no ring)

@: no status effects
A: large, unfitting armour, claws 3, regeneration 1, shaggy fur 1, tough skin 3
a: Renounce Religion, Animate Remains, Recall Undead Slaves, Injury Mirror


You were on level 6 of the Dungeon.
You worshipped Yredelemnul.
Yredelemnul was pleased with you.
You visited 2 branches of the dungeon, and saw 7 of its levels.

You collected 309 gold pieces.

Inventory:

Missiles
 m - 13 poisoned darts (quivered)
Armour
 a - a +0 robe (worn)
Jewellery
 n - an uncursed ring of fire
Wands
 j - a wand of paralysis (4)
 s - a wand of polymorph (10)
Scrolls
 b - a scroll of fear {unknown}
 d - a scroll of remove curse {unknown}
 h - a scroll of identify
 k - a scroll of fog {unknown}
 p - a scroll of teleportation {unknown}
 r - a scroll of enchant weapon {unknown}
 t - a scroll of summoning {unknown}
Potions
 c - 4 potions of curing {unknown}
 e - a potion of brilliance {unknown}
 f - 2 potions of berserk rage {unknown}
 g - 3 potions of lignification
 i - 2 potions of mutation {unknown}
 l - 2 potions of flight {unknown}
 o - a potion of attraction {unknown}
 q - a potion of heal wounds {unknown}
 u - a potion of degeneration {unknown}


   Skills:
 + Level 3.5 Fighting
 + Level 1.4 Throwing
 + Level 4.4 Dodging
 + Level 2.7 Stealth
 + Level 8.3 Unarmed Combat
 + Level 1.3 Invocations


You had 7 spell levels left.
You didn't know any spells.
Your spell library contained the following spells:

 Spells                   Type           Power        Failure   Level
 Animate Skeleton         Necr           0%           45%         1
 Apportation              Tloc           0%           45%         1
 Beastly Appendage        Tmut           0%           45%         1
 Corona                   Hex            0%           45%         1
 Summon Small Mammal      Summ           0%           45%         1
 Wereblood                Tmut           0%           58%         2
 Spider Form              Tmut/Pois      0%           83%         3
 Ice Form                 Ice/Tmut       0%           99%         4
 Blade Hands              Tmut           0%           100%        5


Dungeon Overview and Level Annotations

Branches:
Dungeon (6/15)             Temple (1/1) D:5

Altars:
Ashenzari
Dithmenos
Elyvilon
Fedhas
Gozag
Hepliaklqana
Kikubaaqudgha
Makhleb
Qazlal
Ru
Sif Muna
Trog
Vehumet
Wu Jian
Xom
Yredelemnul
Zin

Shops:
D:4 =


Innate Abilities, Weirdness & Mutations

You are too large for most types of armour.
You have claws for hands.
Your natural rate of healing is unusually fast.
You are covered in fur. (AC +1)
You have extremely tough skin. (AC +3)


Message History

The vampire mosquito bites you.
* * * LOW HITPOINT WARNING * * *
The vampire mosquito draws strength from your injuries!
The orc wizard begins to cast a cantrip, but forgets the words!
The vampire mosquito bites you.
* * * LOW HITPOINT WARNING * * *
The vampire mosquito draws strength from your injuries!
The vampire mosquito barely misses you. The vampire mosquito misses you.
Aiming: Paralyse
Press: ? - help, Shift-Dir - straight line, f - vampire mosquito
Aim: a vampire mosquito (chance to affect: 46%)
The vampire mosquito resists with some effort.
The vampire mosquito barely misses you. x2; The vampire mosquito bites you.
* * * LOW HITPOINT WARNING * * *
The vampire mosquito draws strength from your injuries!
The orc priest invokes the aid of Beogh against you.
Beogh smites you!
You die...
Your body rises from the dead as a mindless zombie.

..# #.#### #....#...# #.###.#.##
#.###....###.##..o#.# #..)......
...##........###.##.####.###.#.##
.Z.##.##.##### #o##........>.#.#
...##.##.# ##.#######.#####Z#
...##.##.# #..# #..# #.#
.>.......# #..# ##.# #.##
...##.#### #yy# #.# #.## ......#
#y@# ##Z####.## ..##### #..#
#o5##...# ..# #..# #.o##.### ..#
#..# #'###.# .## #..# .y. ### ##
#.<## ..... ### #...# ..(.oo. #..
##..## ..≈≈≈≈≈.s ### ##...#
.......yo..


You could see 3 vampire mosquitoes, an orc priest and an orc wizard.

Vanquished Creatures
  Sigmund (D:3)
  An ice beast (D:4)
  A sky beast (D:5)
  2 ogres
  A centaur (D:6)
  2 bullfrogs (D:6)
  A gnoll sergeant (D:6)
  A scorpion (D:4)
  A howler monkey (D:4)
  2 orc priests (D:6)
  3 orc wizards
  Jessica (D:3)
  3 iguanas
  Natasha (thrice) (D:2)
  2 worker ants
  A hound skeleton (D:5)
  Robin (D:4)
  3 adders
  7 gnolls
  A howler monkey skeleton (D:5)
  An ufetubus (D:6)
  An ooze (D:1)
  2 worms (D:3)
  6 dart slugs
  3 leopard geckos
  10 orcs
  7 giant cockroaches
  16 goblins
  7 hobgoblins
  3 jackals (D:2)
  3 kobolds
  4 quokkas (D:2)
  2 ball pythons
  6 bats
  6 frilled lizards
  9 rats
124 creatures vanquished.

Vanquished Creatures (collateral kills)
  A bullfrog zombie (D:6)
  A jelly (D:6)
  A gnoll (D:6)
  A quokka (D:6)
4 creatures vanquished.

Vanquished Creatures (others)
  A centaur zombie (D:6)
  A giant cockroach zombie (D:6)
  2 gnoll zombies (D:6)
  An orc zombie (D:6)
  A worker ant zombie (D:6)
  55 plants (D:2)
61 creatures vanquished.

Grand Total: 189 creatures vanquished

Notes
Turn   | Place    | Note
-------+----------+-------------------------------------------
     0 | D:1      | BeavisTheGrey the Troll Monk began the quest for the Orb.
     0 | D:1      | Reached XP level 1. HP: 22/22 MP: 0/0
    85 | D:1      | Reached XP level 2. HP: 29/29 MP: 1/1
   571 | D:1      | Reached XP level 3. HP: 36/36 MP: 2/2
  1232 | D:2      | Noticed Natasha
  1280 | D:2      | Killed Natasha
  1281 | D:2      | Reached skill level 4 in Unarmed Combat
  1281 | D:2      | Reached XP level 4. HP: 36/44 MP: 3/3
  1474 | D:2      | Noticed Natasha
  1478 | D:2      | Killed Natasha
  1595 | D:2      | Noticed Natasha
  1609 | D:2      | Killed Natasha
  1610 | D:2      | Reached XP level 5. HP: 38/53 MP: 4/4
  2573 | D:3      | Noticed Jessica
  2589 | D:3      | Killed Jessica
  2669 | D:3      | Noticed Sigmund
  2688 | D:3      | Killed Sigmund
  2689 | D:3      | Reached skill level 5 in Unarmed Combat
  2689 | D:3      | Reached XP level 6. HP: 21/61 MP: 5/5
  3431 | D:4      | Reached skill level 6 in Unarmed Combat
  3431 | D:4      | Reached XP level 7. HP: 67/67 MP: 6/6
  3450 | D:4      | Found a glowing silver altar of Zin.
  3647 | D:4      | Found Xiluuj's Jewellery Boutique.
  3722 | D:4      | Noticed Robin
  4159 | D:4      | Killed Robin
  4268 | D:5      | Entered Level 5 of the Dungeon
  4392 | D:5      | Found a staircase to the Ecumenical Temple.
  4411 | D:5      | Reached skill level 1 in Throwing
  4411 | D:5      | Reached skill level 7 in Unarmed Combat
  4419 | Temple   | Entered the Ecumenical Temple
  4528 | Temple   | Became a worshipper of Yredelemnul the Dark
  4528 | Temple   | Reached * piety under Yredelemnul
  4528 | Temple   | Reached ** piety under Yredelemnul
  4716 | D:5      | Reached XP level 8. HP: 67/75 MP: 7/7
  4947 | D:5      | Found a sand-covered staircase.
  5639 | D:6      | Reached skill level 8 in Unarmed Combat
  5730 | D:6      | Reached skill level 1 in Invocations
  6039 | D:6      | Identified the +3 leather armour "Bulottun" {Str+4}
  6212 | D:6      | Killed from afar by an orc priest

Illustrated notes

Levels and vault maps discovered:
D:1:      kilobyte_arrival_exit_the_forest, layout_loops_ring
D:2:      wad_woods_tower, layout_basic, uniq_natasha
D:3:      layout_loops_ring, dk_noncrumbling_3, uniq_sigmund, uniq_jessica
D:4:      layout_rooms, nicolae_overflow_crystal_walls, serial_shops, shop,
          uniq_robin
D:5:      layout_loops_ring, minmay_temple_entry_junction,
          chequers_ossuary_entry_cave, eino_curves_02
D:6:      layout_loops_ring, grunt_potential
Temple:   regret_index_temple_chain_breaker

Skill      XL: |  1  2  3  4  5  6  7  8 |
---------------+-------------------------+-----
Dodging        | 3 4 |  4.4
Unarmed Combat | 4 5 6 7 8 |  8.3
Fighting       | 3 |  3.5
Stealth        | 2 |  2.7
Throwing       | 1 |  1.4
Invocations    | 1 |  1.3

Action                   |  1- 3 |  4- 6 |  7- 9 || total
-------------------------+-------+-------+-------++-------
Melee: Unarmed           |   108 |   134 |   172 ||   414
       Punch             |       |     4 |     4 ||     8
Throw: Boomerang         |       |     4 |       ||     4
       Dart              |       |       |     7 ||     7
Invok: Animate Remains   |       |       |     8 ||     8
Evoke: Wand              |       |       |     2 ||     2
  Use: Scroll            |       |       |     2 ||     2
 Stab: Sleeping          |     1 |     3 |     3 ||     7
       Distracted        |       |     2 |       ||     2
Armor: Robe              |    47 |    31 |    39 ||   117
Dodge: Dodged            |    60 |    51 |    77 ||   188
